 Dungeon Crawl Stone Soup version 0.31-a0-95-g6fa058ef04 (webtiles) character file.

Game seed: 17551757704263703846

42 jlumianski the Trooper (level 3, -5/29 HPs)
             Began as a Demonspawn Fighter on May 25, 2023.
             Killed by divine providence
             ... invoked by an orc priest
              (12 damage)
             ... on level 2 of the Dungeon.
             The game lasted 00:03:37 (627 turns).

jlumianski the Trooper (Demonspawn Fighter)          Turns: 627, Time: 00:03:38

Health: -5/29      AC:  6    Str: 18    XL:     3   Next: 33%
Magic:  3/3        EV:  9    Int:  9    God:
Gold:   55         SH:  4    Dex: 12    Spells: 2/2 levels left

rFire   . . .        a - +0 war axe
rCold   . . .        c - +0 buckler
rNeg    . . .        b - +0 scale mail
rPois   .            (no helmet)
rElec   .            (no cloak)
rCorr   .            (no gloves)
SInv    .            (no boots)
Will    .....        (no amulet) Stlth
                     (no ring)
HPRegen 0.24/turn    (no ring)
MPRegen 0.08/turn

%: no passive effects
@: no status effects
A: foul stench 1
a: no special abilities


You were on level 2 of the Dungeon.
You visited 1 branch of the dungeon, and saw 3 of its levels.

You collected 55 gold pieces.

Inventory:

Hand Weapons
 a - a +0 war axe (weapon)
 h - a +2 mace of pain
Missiles
 e - 10 stones (quivered)
Armour
 b - a +0 scale mail (worn)
 c - a +0 buckler (worn)
 i - a +0 cloak
Scrolls
 f - a scroll of magic mapping {unknown}
 j - 3 scrolls of teleportation {unknown}
 k - 2 scrolls of brand weapon {unknown}
 l - a scroll of blinking {unknown}
Potions
 d - a potion of might
 g - a potion of enlightenment {unknown}


   Skills:
 + Level 3.3 Fighting
 + Level 2.7 Axes
 + Level 2.9 Armour
 + Level 0.1 Dodging
 + Level 2.9 Shields


You had 2 spell levels left.
You didn't know any spells.
Your spell library was empty.

Dungeon Overview and Level Annotations

Branches:
Dungeon (3/15)

Altars:

Shops:
D:1 ?


Innate Abilities, Weirdness & Mutations

You may rarely emit foul miasma when damaged in melee.


Message History

The ball python bites you but does no damage.
The ball python grabs you. The ball python constricts you.
You hit the ball python.
You kill the ball python!
You see here a ball python corpse.
You see here a ball python corpse.
There is a stone staircase leading down here.
You climb downwards.
The goblin shouts!
The orc shouts! x2; The orc priest shouts!
The orc shouts!
You hear an angry hiss.
The orc priest hits you with a +0 dagger.
A ball python comes into view. x2
Found 10 gold pieces.
Found an escape hatch in the floor and an escape hatch in the ceiling.
Found a stone staircase leading down.
There is a stone staircase leading up here.
You block the orc priest's attack. The orc hits you with a +0 whip.
You emit a cloud of foul miasma!
You climb upwards.
There is a stone staircase leading down here.
You completely miss the orc priest. You slash the orc!
You kill the orc!
The orc priest mumbles some strange prayers to Beogh against you.
Beogh smites you!
Ouch! That really hurt!
You block the orc priest's attack.
You slash the orc priest!
The orc priest is heavily wounded.
The orc priest looks satisfied for a moment.
You slash the orc priest!
The orc priest is almost dead.
The orc priest invokes the aid of Beogh against you.
Pain shoots through your body!
* * * LOW HITPOINT WARNING * * *
You barely miss the orc priest.
The orc priest is almost dead.
The orc priest hits you but does no damage.
The orc priest invokes the aid of Beogh against you.
Beogh smites you!
You die...

#..###...##..#...## #
#..#.....##.†......
#..###†.#.#.####......#.
#.......#.#.####........
#..###........##........
#.........#.####........
....###..................
.#..##.....#.####........
#.....o@................
#..##..)................
## #.....#..........##.
.....................
####....#.......#..##.
#.#..#.............
#######.#..#..## ..#..##.
..............# . #. #.
..............##.... #.


You could see an orc priest.

Vanquished Creatures
  An adder (D:3)
  A dart slug (D:1)
  An orc (D:2)
  3 ball pythons
  A giant cockroach (D:2)
  2 goblins
  4 hobgoblins
  3 kobolds (D:1)
  3 quokkas (D:1)
  7 bats
  A frilled lizard (D:1)
  2 rats
29 creatures vanquished.

Notes
Turn   | Place    | Note
-------+----------+-------------------------------------------
     0 | D:1      | jlumianski the Demonspawn Fighter began the quest for the
                  | Orb.
     0 | D:1      | Reached XP level 1. HP: 18/18 MP: 1/1
    63 | D:1      | Found a faded altar of an unknown god.
    78 | D:1      | Gained mutation: You may rarely emit foul miasma when
                  | damaged in melee. [demonic ancestry]
    78 | D:1      | Reached XP level 2. HP: 24/24 MP: 2/2
   372 | D:1      | Found Darch's Magic Scroll Shoppe.
   549 | D:3      | Reached XP level 3. HP: 29/29 MP: 3/3
   627 | D:2      | Killed from afar by an orc priest

Illustrated notes

Levels and vault maps discovered:
D:1:      amcnicky_arrival_single_pillar, layout_basic,
          ebering_ecumenical_altar_petrified, serial_shops, shop,
          minmay_misc_feat_enclosed, minmay_crystal_room
D:2:      layout_basic
D:3:      layout_basic, minmay_bisected

Skill      XL: |  1  2 |
---------------+-------+-----
Axes           | 2 |  2.7
Fighting       | |  3.3
Armour         | |  2.9
Dodging        | |  0.1
Shields        | |  2.9

Action                     || total
---------------------------++-------
  Melee: War axe           ||    60
 Armour: Scale mail        ||    45
  Dodge: Dodged            ||    36
  Block: Buckler           ||    17

Table legend: (Time is in decaauts)
 A = Elapsed time spent in this place.
 B = Non-inter-level travel time spent in this place.
 C = Inter-level travel time spent in this place.
 D = Time resting spent in this place.
 E = Time spent auto-exploring this place.
 F = Levels seen in this place.
 G = Mean time per level.
                   A        B        C        D        E       F      G
               +--------+--------+--------+--------+--------+-----+--------+
         Total |    653 |    653 |      0 |      0 |    337 |   3 |  217.7 |
       Dungeon |    653 |    653 |      0 |      0 |    337 |   3 |  217.7 |
               +--------+--------+--------+--------+--------+-----+--------+

Top non-repeatable levels by time:
     D:1: 513 daAuts
     D:2: 121 daAuts
     D:3: 18 daAuts
